 Dungeon Crawl Stone Soup version 0.17-a0-1479-g4041c36 (console) character file.

102 Monkaria the Protected (level 4, -2/41 HPs)
             Began as a Minotaur Wanderer on July 2, 2015.
             Killed from afar by a starcursed mass (6 damage)
             ... with an accursed screaming
             ... on level 1 of the Abyss on July 3, 2015.
             The game lasted 00:04:59 (1882 turns).

Monkaria the Protected (Minotaur Wanderer)          Turns: 1882, Time: 00:04:59

Health: -2/41      AC:  6    Str: 18    XL:     4   Next: 50%
Magic:  3/3        EV: 10    Int:  9    God:
Gold:   97         SH:  0    Dex:  9    Spells: 0 memorised, 3 levels left

rFire  . . .     SeeInvis .     h - +0 dagger
rCold  . . .     Clarity  .     c - +0 ring mail
rNeg   . . .     SustAt   .     (no shield)
rPois  .         Gourm    .     (helmet restricted)
rElec  .         Spirit   .     (no cloak)
rCorr  .         Warding  .     (no gloves)
rMut   .         Stasis   .     (no boots)
MR     .....                    (no amulet)
Stlth  ..........               (no ring)
                                (no ring)

@: lethally poisoned (-2 -> -16), about to teleport, flying, not resistant to
hostile enchantments, extremely unstealthy
A: retaliatory headbutt, horns 2
a: no special abilities


You were on level 1 of the Abyss.
You were not hungry.

You visited 1 branch of the dungeon, and saw 2 of its levels.
You visited the Abyss 1 time.

You collected 97 gold pieces.

Inventory:

Hand weapons
 b - a +2 blowgun
 h - a +0 dagger (weapon)
Missiles
 a - 2 curare-tipped needles
 g - 8 needles of confusion
 i - 7 poisoned needles
Armour
 c - a +0 ring mail (worn)
Jewellery
 o - an uncursed ring of positive energy {unknown}
Scrolls
 f - a scroll of random uselessness {unknown}
 k - a scroll of magic mapping {unknown}
 l - a scroll of teleportation
 n - 2 scrolls of remove curse {unknown}
 p - 2 scrolls of identify {unknown}
 q - a scroll of amnesia {unknown}
Potions
 m - a potion of flight
Comestibles
 e - a bread ration
 j - 5 fruits


   Skills:
 + Level 4.8 Fighting
 - Level 1.0 Short Blades
   Level 1.1 Bows
 - Level 2.0 Throwing
 - Level 8.4 Armour


You had 3 spell levels left.
You didn't know any spells.

Dungeon Overview and Level Annotations

Branches:
Dungeon (2/15)

Altars:
Nemelex Xobeh
Trog

Annotations:
D:2 Robin


Innate Abilities, Weirdness & Mutations

You reflexively headbutt those who attack you in melee.
You have a pair of horns on your head.


Message History

The starcursed mass shrieks in your mind.
* * * LOW HITPOINT WARNING * * *
Drink which item? (? for menu, Esc to quit)
It was a potion of flight.
You feel very buoyant.
You fly up into the air.
The starcursed mass shrieks in your mind.
* * * LOW HITPOINT WARNING * * *
Drink which item? (? for menu, Esc to quit)
It was a potion of poison.
That liquid tasted very nasty...
You are lethally poisoned!
* * * LOW HITPOINT WARNING * * *
You feel sick.
Drink which item? (? for menu, Esc to quit)
Okay, then.
* * * LOW HITPOINT WARNING * * *
You feel sick. A chorus of shrieks assaults your mind.
You die...

... # .# .
##. .# # # .#
#...####.##
#. # . ## . .
#. #..
#X#..###. #.
#. ... #..
.## ####.
###X # ##.# #
## ##...#. .
#.@#.##X #.
### .
#..#.#X#. ..#
##
#.X.#.###.###
# ###X#. . ##
#...#### #
#.### ..# #.
. ..#.#


You could see 2 starcursed masses.

Vanquished Creatures
  4 adders (D:2)
  An ooze (D:1)
  3 worms (D:2)
  2 giant cockroaches (D:2)
  4 hobgoblins (D:2)
  3 jackals (D:1)
  8 kobolds
  8 bats
  2 giant newts (D:2)
  10 goblins
  7 rats
52 creatures vanquished.

Notes
Turn   | Place    | Note
--------------------------------------------------------------
     0 | D:1      | Monkaria the Minotaur Wanderer began the quest for the Orb.
     0 | D:1      | Monkaria set off with: 2 curare-tipped needles, a +2 blowgun, a +0 ring mail, a potion of curing, a bread ration
     0 | D:1      | Reached XP level 1. HP: 14/14 MP: 0/0
     0 | D:1      | Upgraded the game from 0.17-a0-1475-g9f81d98 to 0.17-a0-1479-g4041c36
    34 | D:1      | Reached skill level 1 in Short Blades
    78 | D:1      | Reached skill level 1 in Fighting
    89 | D:1      | Reached XP level 2. HP: 11/23 MP: 1/1
   320 | D:1      | Found a sparkling altar of Nemelex Xobeh.
   501 | D:1      | Reached XP level 3. HP: 26/30 MP: 2/2
  1041 | D:2      | Reached XP level 4. HP: 27/40 MP: 3/3
  1320 | D:2      | Noticed a moth of wrath
  1322 | D:2      | Found a bloodstained altar of Trog.
  1782 | D:2      | Noticed Robin
  1792 | D:2      | Cast into the Abyss (Robin)
  1847 | Abyss:1  | Noticed a starcursed mass
  1882 | Abyss:1  | Killed from afar by a starcursed mass

Vault maps used:
D:1:      dpeg_arrival_rhombus, nemelex_diamond_rough_becter
D:2:      tgw_trog, uniq_robin

Action                   |  1- 3 |  4- 6 || total
-------------------------+-------+-------++-------
Melee: Dagger            |   108 |    75 ||   183
 Fire: Blowgun           |     1 |       ||     1
  Use: Potion            |       |     3 ||     3
       Scroll            |       |     1 ||     1
  Eat: Chunk             |       |     3 ||     3
